 Dungeon Crawl Stone Soup version 0.29.1-15-g9cfb28693d (webtiles) character file.

Game seed: 9860174080115857573

274 TheDoctor the Insei (level 6, -7/44 HPs)
             Began as an Octopode Monk on Apr 16, 2023.
             Mangled by a bog mummy (18 damage)
             ... in an ossuary.
             The game lasted 00:06:43 (2640 turns).

TheDoctor the Insei (Octopode Monk)                 Turns: 2640, Time: 00:06:44

Health: -7/44      AC:  1    Str: 10    XL:     6   Next: 24%
Magic:  6/6        EV: 14    Int: 12    God:
Gold:   229        SH:  0    Dex: 17    Spells: 5/5 levels left

rFire   . . .      SeeInvis .     - Unarmed
rCold   . . .      Faith    .   (no shield)
rNeg    . . .      Spirit   .   (helmet restricted)
rPois   .          Reflect  .   (no amulet)
rElec   .          Harm     .   (no ring)
rCorr   .          Rampage  .   (no ring)
Will    .....                   (no ring)
Stlth   ++........              (no ring)
HPRegen 0.14/turn               (no ring)
MPRegen 0.10/turn               (no ring)
                                (no ring)
                                (no ring)

@: confused, ambrosia-drunk, slowed, very slow
A: almost no armour, amphibious, 8 rings, camouflage 1, gelatinous body 1,
(nimble swimmer 1), tentacles
a: no special abilities


You were in an ossuary.
You visited 1 branch of the dungeon, and saw 4 of its levels.
You also visited: Ossuary.

You collected 229 gold pieces.

Inventory:

Hand Weapons
 o - a +1 sling
Missiles
 q - 4 boomerangs of dispersal (quivered)
Jewellery
 k - an amulet of regeneration
Scrolls
 c - a scroll of amnesia {unknown}
 e - a scroll of enchant weapon
 g - a scroll of teleportation {unknown}
 l - a scroll of noise
 m - a scroll of enchant armour {unknown}
 n - a scroll of identify
 p - a scroll of poison {unknown}
 s - a scroll of immolation {unknown}
Potions
 d - a potion of brilliance {unknown}
 f - 2 potions of heal wounds {unknown}
 h - a potion of might {unknown}
 i - 2 potions of cancellation {unknown}
 j - a potion of lignification {unknown}
 r - a potion of flight {unknown}


   Skills:
 + Level 4.3 Fighting
 - Level 3.0 Dodging
 - Level 2.6 Stealth
 + Level 5.9 Unarmed Combat


You had 5 spell levels left.
You didn't know any spells.
Your spell library was empty.

Dungeon Overview and Level Annotations

Branches:
Dungeon (5/15)            Ossuary (1/1)
 Temple: D:4-7

Altars:
Dithmenos
Makhleb

Shops:
D:1 *:


Innate Abilities, Weirdness & Mutations

You cannot wear most types of armour.
You are amphibious.
You can wear up to eight rings at the same time.
Your skin changes colour to match your surroundings (Stealth+).
Your rubbery body absorbs attacks. (AC +1, EV +1)
((You are camouflaged when in or above water. (Stealth+)))
You have tentacles for arms and can constrict up to eight enemies at once.


Message History

You constrict the bullfrog zombie. The bullfrog zombie closely misses you.
You tentacle-slap the bullfrog zombie. x2
You destroy the bullfrog zombie!
Press: ? - help, v - describe, . - travel
Here: a bullfrog zombie An open door, spattered with blood.
You feel better. The bullfrog zombie hits you.
You are confused.
You feel invigorated. The bullfrog zombie closely misses you.
You tentacle-slap the bog mummy. Your squeeze misses the bog mummy.
The bog mummy is lightly damaged.
You bump into the metal wall.
You bump into the metal wall.
You bump into the metal wall.
The bog mummy misses you.
You bump into the metal wall.
The bog mummy hits you.
You bump into the metal wall.
You closely miss the bog mummy. Your squeeze misses the bog mummy.
The bog mummy is lightly damaged.
The bog mummy casts a spell at you.
You feel yourself slow down.
You tentacle-slap the bog mummy but do no damage.
You squeeze the bog mummy.
The bog mummy is lightly damaged.
You feel less invigorated.
You feel less confused. The bog mummy hits you!
You closely miss the bog mummy. You grab the bog mummy.
You squeeze the bog mummy.
The bog mummy is moderately damaged.
You constrict the bog mummy.
You tentacle-slap the bog mummy but do no damage.
The bog mummy is moderately damaged.
You constrict the bog mummy. The bog mummy hits you.
You tentacle-slap the bog mummy but do no damage.
The bog mummy is moderately damaged.
You constrict the bog mummy. The bog mummy hits you!
* * * LOW HITPOINT WARNING * * *
You are confused.
You feel invigorated.
You constrict the bog mummy. The bog mummy hits you!!
You die...

≈≈≈ ## ≈≈ ≈≈
##≈##≈# ##≈
#≈≈≈≈~
#~~###~##~#
#.#.#.~.#.# .#
#≈#~~~~.~~~.#~~.#
#..~~~~~~Z~~..~.+
#~~.##'##M##~##~
#M~ #...#@# #~~
#.∩.### ≈≈# #..∩#
# #####


You could see a bog mummy and a bullfrog zombie.

Vanquished Creatures
  2 bullfrog zombies (Ossuary)
  A hound (D:5)
  A killer bee zombie (Ossuary)
  5 mummies
  A howler monkey zombie (Ossuary)
  2 adders (D:3)
  3 orcs (D:3)
  3 ball pythons
  2 bats
  An endoplasm (D:2)
  2 giant cockroaches
  A goblin (D:2)
  6 hobgoblins
  3 jackals (D:1)
  4 kobolds
  A quokka (D:3)
  4 frilled lizards
  2 rats
44 creatures vanquished.

Vanquished Creatures (others)
  2 plants (D:3)
  10 withered plants (Ossuary)
12 creatures vanquished.

Grand Total: 56 creatures vanquished

Notes
Turn   | Place    | Note
-------+----------+-------------------------------------------
     0 | D:1      | TheDoctor the Octopode Monk began the quest for the Orb.
     0 | D:1      | Reached XP level 1. HP: 16/16 MP: 1/1
   300 | D:1      | Found Gug Maag's Book Shop.
   437 | D:1      | Found Cyny's Assorted Antiques.
   480 | D:1      | Reached XP level 2. HP: 21/21 MP: 2/2
  1260 | D:2      | Reached XP level 3. HP: 20/26 MP: 3/3
  1806 | D:3      | Found a burning altar of Makhleb.
  2049 | D:3      | Reached skill level 4 in Unarmed Combat
  2127 | D:3      | Reached XP level 4. HP: 33/33 MP: 4/4
  2162 | D:3      | Found a shadowy altar of Dithmenos.
  2182 | D:3      | You fall into a shaft and drop 2 floors!
  2182 | D:5      | Entered Level 5 of the Dungeon
  2249 | D:5      | Found a sand-covered staircase.
  2259 | Ossuary  | Entered an ossuary
  2343 | Ossuary  | Reached XP level 5. HP: 34/37 MP: 5/5
  2352 | Ossuary  | Reached skill level 5 in Unarmed Combat
  2617 | Ossuary  | Reached XP level 6. HP: 24/44 MP: 6/6
  2640 | Ossuary  | Mangled by a bog mummy

Illustrated notes

Levels and vault maps discovered:
D:1:      mrwooster_arrival_statue, layout_basic, serial_corexii_hall,
          chequers_hall_statues_corner_a, chequers_hall_statues_corner_a,
          serial_shops, shop, shop, kennysheep_doodads, wad_floor_pattern_2
D:2:      layout_basic
D:3:      layout_loops_ring, old_standard_altar, nicolae_dithmenos_the_darkroom,
          mainiacjoe_overflow_surrounded_room, serial_bayou_ford_a
D:5:      layout_rooms, nicolae_ossuary_entry_giza, uniq_duvessa
Ossuary:  ossuary_zaba_flooded

Skill      XL: |  1  2  3  4  5 |
---------------+----------------+-----
Unarmed Combat | 4 5 |  5.9
Fighting       | 4 |  4.3
Dodging        | |  3.0
Stealth        | |  2.6

Action                   |  1- 3 |  4- 6 || total
-------------------------+-------+-------++-------
Melee: Unarmed           |    74 |    50 ||   124
       Constrict         |    28 |    10 ||    38
       Tentacles         |    14 |    17 ||    31
       Punch             |     2 |     4 ||     6
Throw: Boomerang         |       |     1 ||     1
  Use: Scroll            |     3 |       ||     3
       Potion            |       |     4 ||     4
 Stab: Sleeping          |     6 |     1 ||     7
Armor: Skin              |     5 |     2 ||     7
Dodge: Dodged            |    52 |    26 ||    78
